AoeStats
← Dieguin

Arabia

509873100Analyzed
1v1 RM · 4d ago on Sep 28, 2026· 45m 56s· 2 players
Game mode
Random Map
Map size
Tiny (2 player)
Population
200
Speed
Normal
Resources
Standard
Victory
Conquest
Starting age
Dark Age
Ending age
Imperial Age
RankedLock teamsTeams togetherTeam positionsShared explorationLock speedFull tech treeHidden civsTurbo modeCheats
Victory
Defeat
🇨🇴 Cumans · Colombia
732
+15
🇨🇱 Franks · Chile
703
-15
Lord_dragr
6:53 Loom
10:19 Feudal Age
11:08 Double-Bit Axe
16:11 Scale Barding Armor
17:05 Forging
21:52 Castle Age
22:00 Wheelbarrow
22:19 Stone Mining
22:23 Gold Mining
23:36 Chain Barding Armor
23:24 Fletching
26:24 Bodkin Arrow
30:52 Bow Saw
32:54 Fervor
35:22 Fortified Wall
36:34 Ballistics
36:20 Scale Mail Armor
36:56 Iron Casting
38:45 Chain Mail Armor
40:32 Hand Cart
42:54 Imperial Age
41:58 Gold Shaft Mining
42:28 Hand Cart
42:41 Town Watch
44:06 Conscription
43:55 Husbandry
43:18 Cavalier
44:01 Husbandry
44:28 Town Patrol
45:35 Ordonnance Companies
Dieguin
6:40 Loom
9:49 Feudal Age
11:41 Double-Bit Axe
21:18 Wheelbarrow
21:35 Fletching
21:46 Padded Archer Armor
23:24 Scale Mail Armor
23:08 Horse Collar
26:22 Castle Age
27:16 Pikeman
28:16 Chain Mail Armor
27:25 Crossbowman
30:18 Capped Ram
31:56 Arson
32:13 Squires
35:43 Forging
36:27 Thumb Ring
42:47 Imperial Age
44:16 Heavy Plow
44:29 Bow Saw
Connection lost

Rejoining the realm…

Still unreachable

The connection could not be restored.

Session expired

The server has moved on; the page needs a fresh start.